 Dungeon Crawl Stone Soup version 0.30-a0-879-ga8ba668304 (webtiles) character file.

Game seed: 7374722937474863330

4367 pokeman the Thaumaturge (level 10, 0/56 HPs)
             Began as a Deep Elf Hedge Wizard on Mar 13, 2023.
             Was an Initiate of Vehumet.
             Slain by a seven-headed hydra (11 damage)
             ... on level 8 of the Dungeon.
             The game lasted 00:29:08 (10285 turns).

pokeman the Thaumaturge (Deep Elf Hedge Wizard)    Turns: 10285, Time: 00:29:09

Health: 0/56       AC:  7    Str:  7    XL:     10   Next: 13%
Magic:  2/28       EV: 18    Int: 24    God:    Vehumet [......]
Gold:   333        SH:  0    Dex: 14    Spells: 21/34 levels left

rFire   . . .      SeeInvis .    R - +0 dagger (venom)
rCold   . . .      Faith    .    (no shield)
rNeg    . . .      Spirit   .    b - +0 robe
rPois   .          Reflect  .    c - +0 hat
rElec   .          Rampage  .    (no cloak)
rCorr   .                        k - +0 pair of gloves
Will    +....                    (no boots)
Stlth   ++                       (no amulet)
HPRegen 0.29/turn                s - +4 ring of protection
MPRegen 0.21/turn                P - +5 ring of evasion

@: on blink cooldown, very slightly contaminated
A: no striking features
a: Renounce Religion


You were on level 8 of the Dungeon.
You worshipped Vehumet.
Vehumet was noncommittal.
You visited 2 branches of the dungeon, and saw 9 of its levels.
You also visited: Sewer.

You collected 405 gold pieces.
You spent 72 gold pieces at shops.

Inventory:

Hand Weapons
 y - a +0 short sword of electrocution
 R - a +0 dagger of venom (weapon)
Missiles
 K - 2 throwing nets
 Q - 3 curare-tipped darts
Armour
 b - a +0 robe (worn)
 c - a +0 hat (worn)
 k - a +0 pair of gloves (worn)
 H - the +5 scale mail of Gurghuj {Int+3 SInv}
   (You found it on level 6 of the Dungeon)

   Int:       It affects your intelligence (+3).
   SInv:      It lets you see invisible.
Jewellery
 s - a +4 ring of protection (left hand)
 u - a ring of fire
 F - a ring of ice
 P - a +5 ring of evasion (right hand)
Wands
 o - a wand of flame (59)
 r - a wand of polymorph (6)
 z - a wand of mindburst (15)
 A - a wand of roots (6)
 G - a wand of digging (4)
 N - a wand of light (14)
Scrolls
 e - 3 scrolls of noise {unknown}
 h - 9 scrolls of identify
 i - 5 scrolls of teleportation {unknown}
 j - a scroll of acquirement {unknown}
 m - a scroll of enchant weapon {unknown}
 n - 3 scrolls of enchant armour {unknown}
 p - 3 scrolls of fog {unknown}
 q - a scroll of poison {unknown}
 v - 4 scrolls of immolation {unknown}
 w - 2 scrolls of magic mapping {unknown}
 x - a scroll of summoning {unknown}
 C - a scroll of fear {unknown}
 E - a scroll of blinking {unknown}
 I - a scroll of silence {unknown}
 L - a scroll of vulnerability {unknown}
Potions
 a - a potion of mutation {unknown}
 d - 4 potions of magic
 f - 2 potions of heal wounds {unknown}
 g - 8 potions of curing {unknown}
 l - 2 potions of flight {unknown}
 t - a potion of ambrosia {unknown}
 B - a potion of invisibility {unknown}
 D - 2 potions of haste {unknown}
 J - 2 potions of attraction {unknown}
 M - 2 potions of degeneration {unknown}
 O - a potion of brilliance {unknown}


   Skills:
 + Level 4.1 Fighting
 - Level 3.0 Armour
 - Level 3.0 Dodging
 - Level 3.0 Stealth
 * Level 12.8 Spellcasting
 + Level 7.3 Conjurations
 + Level 4.3 Summonings
 - Level 1.1 Translocations
 - Level 4.4 Air Magic
 - Level 1.0 Poison Magic
 - Level 1.0 Evocations


You had 21 spell levels left.
You knew the following spells:

 Your Spells              Type           Power      Damage    Failure   Level
a - Magic Dart            Conj           100%       1d8       1%          1
b - Mephitic Cloud        Conj/Pois/Air  35%        N/A       1%          3
c - Call Imp              Summ           36%        N/A       1%          2
d - Blink                 Tloc           40%        N/A       3%          2
e - Lightning Bolt        Conj/Air       21%        1d36      10%         5

Your spell library contained the following spells:

 Spells                   Type           Power      Damage    Failure   Level
 Poisonous Vapours        Pois/Air       56%        N/A       1%          2
 Static Discharge         Conj/Air       86%        2-6/arc   1%          2
 Cigotuvi's Dreadful Rot  Necr/Pois/Air  48%        N/A       2%          2
 Hailstorm                Conj/Ice       32%        3d8       2%          3
 Vhi's Electric Charge    Tloc/Air       56%        N/A       3%          3
 Freeze                   Ice            60%        1d7       4%          1
 Slow                     Hex            60%        N/A       4%          1
 Arcjolt                  Conj/Air       21%        1d31      10%         5
 Frozen Ramparts          Ice            30%        1d5       12%         3


Dungeon Overview and Level Annotations

Branches:
Dungeon (8/15)             Temple (1/1) D:7           Sewer (visited)
   Lair: D:8-11

Altars:
Ashenzari
Cheibriados
Dithmenos
Elyvilon
Fedhas
Gozag
Hepliaklqana
Kikubaaqudgha
Makhleb
Nemelex Xobeh
Okawaru
Qazlal
Ru
Sif Muna
Trog
Uskayaw
Vehumet
Wu Jian
Yredelemnul
Zin
The Shining One

Shops:
D:1 [!   D:3 (   D:5 :   D:6 [*   D:7 :


Message History

The spell is quite dangerous to miscast (10% risk of failure)!
Continue anyway?
Aiming: Lightning Bolt (quite dangerous; 10% risk of failure)
Press: ? - help, Shift-Dir - straight line, f/p - seven-headed hydra
Aim: a seven-headed hydra (heavily wounded, 88% to hit)
The bolt of lightning hits the seven-headed hydra!
The seven-headed hydra is severely wounded.
The bolt of lightning misses the seven-headed hydra.
Unknown command.
Casting: Lightning Bolt (quite dangerous; 10% risk of failure)
Confirm with . or Enter, or press ? or * to list all spells.
The spell is quite dangerous to miscast (10% risk of failure)!
Continue anyway?
Aiming: Lightning Bolt (quite dangerous; 10% risk of failure)
Press: ? - help, Shift-Dir - straight line, f/p - seven-headed hydra
Aim: a seven-headed hydra (heavily wounded, 88% to hit)
You miscast Lightning Bolt.
You are very lightly contaminated with residual magic.
The air around you crackles with energy!
Unknown command.
Casting: Lightning Bolt (quite dangerous; 10% risk of failure)
Confirm with . or Enter, or press ? or * to list all spells.
The spell is quite dangerous to miscast (10% risk of failure)!
Continue anyway?
Aiming: Lightning Bolt (quite dangerous; 10% risk of failure)
Press: ? - help, Shift-Dir - straight line, f/p - seven-headed hydra
Aim: a seven-headed hydra (heavily wounded, 88% to hit)
The bolt of lightning misses the seven-headed hydra.
Casting: Lightning Bolt (quite dangerous; 10% risk of failure)
Confirm with . or Enter, or press ? or * to list all spells.
You blink.
The seven-headed hydra attacks as you move away!
The seven-headed hydra bites you! x2; The seven-headed hydra bites you.
The seven-headed hydra bites you but does no damage.
The seven-headed hydra bites you.
The seven-headed hydra closely misses you.
The seven-headed hydra bites you.
* * * LOW HITPOINT WARNING * * *
Okay, then.
Unknown command.
The seven-headed hydra attacks as you move away!
The seven-headed hydra bites you!
You die...

##### #... #.. #.## #....
#.# #.... #.# #../ #.#
#### ###'######## #.#
#...##.....##...## #.#
....#.....#.....# #.#
....'..8..'.@D..# #.##
..#...T.#.....#######
#...
#!....##..........####..#
#.....#########..........
#.....# #...............
#.....# ######.#.####.#.
#.##### #.#.# #.## #.##
#.#.# #.## #..##### #.#.#
#.##


You could see a seven-headed hydra and a troll.

Vanquished Creatures
  Grinder (D:5)
  3 slime creatures (D:8)
  3 water moccasins
  An orc warrior (D:5)
  2 ice beasts
  Pargi (Sewer)
  2 black bears
  2 ogres
  A centaur (D:8)
  A phantom (D:5)
  6 bullfrogs
  4 scorpions
  3 killer bees (D:8)
  5 howler monkeys
  A jelly (D:5)
  An orc priest (D:3)
  The ghost of eruonna the Vexing, a weakling FeEn (D:3)
  4 hounds
  Ijyb (D:5)
  3 sleepcaps (D:5)
  Jessica (D:2)
  3 iguanas
  Terence (D:3)
  7 orc wizards
  2 scorpion simulacra (D:3)
  4 gnolls (D:5)
  5 adders
  A hound simulacrum (D:3)
  A white imp (D:5)
  An ufetubus (D:4)
  6 worms
  An adder simulacrum (D:3)
  12 orcs
  4 endoplasms
  4 giant cockroaches (D:4)
  4 goblins
  6 hobgoblins
  5 jackals
  4 kobolds
  4 quokkas
  A ball python (D:4)
  A ball python simulacrum (D:3)
  5 bats
  A frilled lizard (D:2)
  A giant cockroach simulacrum (D:3)
  5 rats
136 creatures vanquished.

Vanquished Creatures (collateral kills)
  A two-headed ogre (D:8)
  A bullfrog (D:8)
  An iguana (D:5)
  3 gnolls (D:2)
  An orc (D:7)
7 creatures vanquished.

Grand Total: 143 creatures vanquished

Notes
Turn   | Place    | Note
-------+----------+-------------------------------------------
     0 | D:1      | pokeman the Deep Elf Hedge Wizard began the quest for the
                  | Orb.
     0 | D:1      | Reached XP level 1. HP: 10/10 MP: 7/7
   395 | D:1      | Reached XP level 2. HP: 16/16 MP: 4/9
   518 | D:1      | Found Potoemol's Armour Boutique.
   547 | D:1      | Found Etack's Distillery.
  1044 | D:2      | Reached skill level 5 in Spellcasting
  1360 | D:2      | Reached XP level 3. HP: 19/20 MP: 6/11
  1364 | D:2      | Learned a level 3 spell: Mephitic Cloud
  1367 | D:2      | Learned a level 2 spell: Call Imp
  1370 | D:2      | Learned a level 2 spell: Blink
  1771 | D:2      | Noticed Jessica
  1783 | D:2      | Killed Jessica
  1784 | D:2      | Reached skill level 1 in Fighting
  1784 | D:2      | Reached skill level 1 in Armour
  1784 | D:2      | Reached XP level 4. HP: 15/25 MP: 8/13
  2337 | D:3      | Noticed Terence
  2368 | D:3      | Killed Terence
  2369 | D:3      | Reached skill level 6 in Spellcasting
  2369 | D:3      | Reached XP level 5. HP: 11/29 MP: 4/15
  2454 | D:3      | Noticed eruonna's ghost (weakling FeEn)
  2609 | D:3      | Found Hituos's Weapon Shoppe.
  2714 | D:3      | Found a runed translucent gate.
  2714 | D:3      | Found a runed translucent gate.
  2714 | D:3      | Found a runed translucent gate.
  2957 | D:3      | Killed eruonna's ghost
  2958 | D:3      | Reached skill level 1 in Evocations
  3115 | D:3      | Reached skill level 1 in Poison Magic
  3240 | D:4      | Reached skill level 1 in Air Magic
  3240 | D:4      | Reached XP level 6. HP: 33/34 MP: 9/17
  3814 | D:4      | Reached skill level 7 in Spellcasting
  3928 | D:4      | Found a stormy altar of Qazlal.
  3931 | D:4      | Found an iron altar of Okawaru.
  3934 | D:4      | Found a snail-covered altar of Cheibriados.
  3937 | D:4      | Found a hide-covered altar of Uskayaw.
  4083 | D:4      | Reached XP level 7. HP: 20/39 MP: 13/19
  4419 | D:4      | Found a basalt altar of Yredelemnul.
  4744 | D:5      | Entered Level 5 of the Dungeon
  4744 | D:5      | Noticed Ijyb
  4761 | D:5      | Killed Ijyb
  4808 | D:5      | Found a glowing drain.
  4850 | Sewer    | Entered a sewer
  4923 | Sewer    | Noticed Pargi
  4958 | Sewer    | Killed Pargi
  4959 | Sewer    | Reached skill level 8 in Spellcasting
  5119 | D:5      | Found Ogaavaas's Book Emporium.
  5443 | D:5      | Reached XP level 8. HP: 27/44 MP: 10/22
  5646 | D:5      | Found a sacrificial altar of Ru.
  5646 | D:5      | Found a blossoming altar of Fedhas.
  5648 | D:5      | Found a shadowy altar of Dithmenos.
  5648 | D:5      | Found a glowing silver altar of Zin.
  6108 | D:5      | Reached skill level 9 in Spellcasting
  6273 | D:6      | Found Taebloat's General Store.
  6470 | D:6      | Noticed Grinder
  6506 | D:5      | Paralysed by Grinder for 3 turns
  6514 | D:5      | Killed Grinder
  6515 | D:5      | Reached skill level 5 in Conjurations
  6671 | D:6      | Bought 3 scrolls of identify for 72 gold pieces
  6745 | D:6      | Identified the +5 scale mail of Gurghuj {Int+3 SInv}
  6792 | D:6      | Reached skill level 10 in Spellcasting
  6870 | D:6      | Found Laigearch's Antique Armour Shop.
  7680 | D:7      | Reached XP level 9. HP: 49/49 MP: 20/25
  7808 | D:7      | Found a staircase to the Ecumenical Temple.
  7816 | Temple   | Entered the Ecumenical Temple
  8129 | D:7      | Reached skill level 11 in Spellcasting
  8252 | D:7      | Found Orchud's Book Shoppe.
  8635 | D:8      | Noticed a two-headed ogre
  8653 | D:8      | Killed a two-headed ogre
  8953 | D:7      | Learned a level 5 spell: Lightning Bolt
  9054 | D:8      | Reached skill level 12 in Spellcasting
  9210 | D:8      | Found a bloodstained altar of Trog.
  9333 | D:8      | Noticed a troll
  9334 | D:8      | Noticed a seven-headed hydra
  9730 | D:8      | Reached XP level 10. HP: 56/56 MP: 8/28
 10077 | D:8      | Found a radiant altar of Vehumet.
 10182 | D:8      | Became a worshipper of Vehumet
 10285 | D:8      | Slain by a seven-headed hydra

Illustrated notes

Levels and vault maps discovered:
D:1:      dpeg_arrival_line_fractal, layout_rooms, serial_shops,
          nicolae_shop_hallway_plus, nicolae_shop_hallway_plus
D:2:      layout_loops_corners, uniq_jessica
D:3:      layout_rooms, gammafunk_ghost_icy, serial_shops,
          nicolae_shop_bloodbath_and_beyond, uniq_terence
D:4:      minmay_door_path, layout_basic, mainiacjoe_overflow_paths,
          grunt_temple_overflow_cloverleaf
D:5:      layout_rooms, mainiacjoe_overflow_alcove_3, serial_co_window_serial,
          co_window_paths_a, co_window_corner_a, co_window_corner_a,
          co_window_paths_b, co_window_paths_b, co_window_corner_b,
          co_window_broadway_b, co_window_paths_c, co_window_cross_4,
          co_window_corner_b, co_window_sun, glass_columns_b, glass_columns_a,
          serial_shops, nicolae_shop_trees, cheibrodos_sewer_entry_bend,
          uniq_ijyb
D:6:      layout_cave_pools, serial_shops, shop, shop, serial_co_window_serial,
          co_window_of_opportunity_a, co_window_of_opportunity_a,
          co_window_paths_b, co_window_of_opportunity_a,
          co_window_of_opportunity_a, co_window_corner_b, co_window_cross_3,
          co_window_2corner, co_window_broadway_c, co_window_corner_b,
          co_window_paths_d, glass_columns_c, glass_columns_c, glass_columns_a,
          uniq_grinder
D:7:      layout_cave_pods, minmay_temple_entry_crystal_x, serial_shops, shop
D:8:      layout_loops_ring, vehumet_altar_wand_db, bloody_trog,
          minmay_three_doors
Temple:   zaba_magenta_temple

Skill      XL: |  1  2  3  4  5  6  7  8  9 10 |
---------------+-------------------------------+-----
Spellcasting   | 5 6 7 8 10 12 | 12.8
Fighting       | 1 2 3 4 |  4.1
Armour         | 1 2 3 |  3.0
Conjurations   | 2 3 4 5 7 |  7.3
Stealth        | 3 |  3.0
Dodging        | 3 |  3.0
Evocations     | 1 |  1.0
Poison Magic   | 1 |  1.0
Air Magic      | 1 3 4 |  4.4
Summonings     | 2 3 4 |  4.3
Translocations | |  1.1

Action                     |  1- 3 |  4- 6 |  7- 9 | 10-12 || total
---------------------------+-------+-------+-------+-------++-------
  Melee: Dagger            |    20 |    19 |    20 |     9 ||    68
         Mace              |       |     4 |       |       ||     4
         Short sword       |       |    17 |   163 |       ||   180
         Punch             |       |       |     2 |     1 ||     3
   Cast: Magic Dart        |    68 |   114 |   152 |     8 ||   342
         Mephitic Cloud    |     4 |    10 |    36 |       ||    50
         Call Imp          |     2 |     4 |    11 |       ||    17
         Blink             |       |       |     6 |     1 ||     7
         Lightning Bolt    |       |       |    13 |    13 ||    26
  Evoke: Wand              |       |       |     1 |       ||     1
   Stab: Confused          |     3 |     4 |    16 |       ||    23
         Distracted        |       |       |     1 |       ||     1
 Armour: Robe              |     4 |    11 |    86 |     2 ||   103
  Dodge: Dodged            |    13 |    34 |   162 |    13 ||   222

Table legend: (Time is in decaauts)
 A = Elapsed time spent in this place.
 B = Non-inter-level travel time spent in this place.
 C = Inter-level travel time spent in this place.
 D = Time resting spent in this place.
 E = Time spent auto-exploring this place.
 F = Levels seen in this place.
 G = Mean time per level.
                   A        B        C        D        E       F      G
               +--------+--------+--------+--------+--------+-----+--------+
         Total |  10303 |   9951 |    352 |    928 |   7098 |  10 | 1030.3 |
       Dungeon |   9996 |   9662 |    334 |    928 |   6877 |   8 | 1249.5 |
        Temple |     73 |     55 |     18 |      0 |     50 |   1 |   73.0 |
         Sewer |    232 |    232 |      0 |      0 |    171 |   1 |  232.0 |
               +--------+--------+--------+--------+--------+-----+--------+

Top non-repeatable levels by time:
     D:5: 1624 daAuts
     D:4: 1536 daAuts
     D:7: 1368 daAuts
     D:2: 1365 daAuts
     D:8: 1298 daAuts
     D:3: 1025 daAuts
     D:6: 962 daAuts
     D:1: 816 daAuts
   Sewer: 232 daAuts
  Temple: 73 daAuts
